 Dungeon Crawl Stone Soup version 0.16.0-17-g811c1d7 (webtiles) character file.

4739 hulla the Transmogrifier (level 10, -8/64 HPs)
             Began as an Octopode Transmuter on Mar 20, 2015.
             Was a Follower of Makhleb.
             Mangled by an unseen horror (12 damage)
             ... on level 9 of the Dungeon.
             The game lasted 02:01:52 (14800 turns).

hulla the Transmogrifier (Octopode Transmuter)     Turns: 14800, Time: 02:01:52

Health: -8/64      AC:  2    Str:  9    XL:     10   Next: 46%
Magic:  15/20      EV: 24    Int: 19    God:    Makhleb [*.....]
Gold:   359        SH:  0    Dex: 18    Spells: 4 memorised, 6 levels left

rFire  . . .     SeeInvis .       - Unarmed
rCold  . . .     Clarity  .     (shield currently unavailable)
rNeg   + . .     SustAb   .     (helmet currently unavailable)
rPois  x         Gourm    .     (no amulet)
rElec  .         Spirit   .     s - ring of positive energy
rCorr  .         Warding  .     (no ring)
rMut   .         Stasis   .     (no ring)
MR     .....                    (no ring)
Stlth  ++++......               (no ring)
                                (no ring)
                                (no ring)
                                (no ring)

@: spider-form (expiring), not resistant to hostile enchantments, stealthy
A: almost no armour, amphibious, 8 rings, (constrict 8), (camouflage 0),
(gelatinous body 0)
a: End Transformation, Renounce Religion


You were on level 9 of the Dungeon.
You worshipped Makhleb.
Makhleb was aware of your devotion.
You were not hungry.
You were a venomous arachnid creature.
You visited 2 branches of the dungeon, and saw 10 of its levels.
You also visited: Sewer.

You collected 359 gold pieces.

Inventory:

Hand weapons
 d - a +0 hunting sling
 e - a +1 falchion of freezing
 j - a +3 short sword of freezing
 t - a +2 flail of holy wrath
 x - a cursed -2 whip
 F - a +0 blowgun
Missiles
 b - 91 arrows
 c - 186 stones (quivered)
 G - 13 poisoned needles
Magical staves
 q - an uncursed staff of wizardry
Jewellery
 m - the ring of the Komodo Dragon {+/*Tele rC+}
   (You acquired it on level 8 of the Dungeon)

   [ring of teleportation]

   It causes random teleportation, and can be evoked to teleport at will.
   It protects you from cold.
 s - a ring of positive energy (left front leg)
Magical devices
 k - a wand of fire (0)
 l - a wand of fire (5)
 A - a wand of draining (5)
 D - a wand of polymorph (5)
 K - a wand of digging (7)
 L - a wand of fireball (3)
 O - a wand of polymorph (8)
 P - a wand of slowing (21)
 V - a wand of confusion (27)
Scrolls
 p - 2 scrolls of fog
 r - a scroll of enchant armour
 u - a scroll of blinking
 v - a scroll of amnesia
 y - 4 scrolls of identify
 E - a scroll of recharging
 J - a scroll of silence {unknown}
 X - a scroll of summoning {unknown}
Potions
 f - 4 potions of restore abilities
 g - a potion of resistance
 h - a potion of magic {unknown}
 i - a potion of curing
 n - a potion of agility {unknown}
 z - a potion of haste
 B - a potion of flight {unknown}
 H - a potion of mutation {unknown}
 I - 2 potions of might {unknown}
 M - 4 potions of brilliance {unknown}
 Q - 5 potions of heal wounds
 T - 2 potions of cancellation {unknown}
 Z - a potion of lignification {unknown}
Books
 w - a book of Changes

   Spells                             Type                      Level
   a - Beastly Appendage              Transmutation                1
   b - Sticks to Snakes               Transmutation                2
   c - Spider Form                    Transmutation/Poison         3
   d - Ice Form                       Ice/Transmutation            4
   e - Blade Hands                    Transmutation                5
 W - a book of the Earth

   Spells                             Type                      Level
   a - Leda's Liquefaction            Hexes/Earth                  4
   b - Bolt of Magma                  Conjuration/Fire/Earth       5
   c - Statue Form                    Transmutation/Earth          6
   d - Iron Shot                      Conjuration/Earth            6
   e - Shatter                        Earth                        9
Miscellaneous
 S - a plain deck of wonders
Comestibles
 a - 7 bread rations
 o - 5 beef jerkies
 C - 3 meat rations
 R - 6 fruits


   Skills:
 + Level 4.2 Fighting
 - Level 5.1 Dodging
 - Level 6.1 Stealth
 - Level 4.1 Unarmed Combat
 + Level 3.7 Spellcasting
 * Level 9.9 Transmutations
 - Level 5.4 Ice Magic
 - Level 5.0 Poison Magic


You had 6 spell levels left.
You knew the following spells:

 Your Spells              Type           Power        Failure   Level  Hunger
a - Beastly Appendage     Trmt           #####.       2%          1    None
b - Spider Form           Trmt/Pois      ####......   8%          3    ###....
c - Sticks to Snakes      Trmt           #####.....   3%          2    ##.....
d - Ice Form              Ice/Trmt       ####....     21%         4    ####...


Dungeon Overview and Level Annotations

Branches:
Dungeon (9/15)             Temple (1/1) D:5
   Lair: D:8-11         Orc: D:9-12

Altars:
Ashenzari
Cheibriados
Dithmenos
Elyvilon
Fedhas
Gozag
Kikubaaqudgha
Makhleb
Nemelex Xobeh
Okawaru
Qazlal
Ru
Sif Muna
Trog
Vehumet
Yredelemnul
Zin
The Shining One

Shops:
D:5 :   D:8 *

Annotations:
D:4 Prince Ribbit


Innate Abilities, Weirdness & Mutations

You cannot wear most types of armour.
You are amphibious.
You can wear up to eight rings at the same time.
((You can use your tentacles to constrict many enemies at once.))
((Your skin changes colour to match your surroundings (Stealth).))
((Your rubbery body absorbs attacks (AC +1).))


Message History

Something hits you. Something hits you but does no damage. Something hits you!
Something hits you!
Casting: Sticks to Snakes
Confirm with . or Enter, or press ? or * to list all spells.
You turn into a venomous arachnid creature.
Your 91 arrows fall away!
You are now empty-handed.
Something closely misses you. Something misses you.
Something closely misses you.
You hit something but do no damage. Something hits you.
* * * LOW HITPOINT WARNING * * *
Something hits you.
* * * LOW HITPOINT WARNING * * *
You barely miss something. Something hits you.
* * * LOW HITPOINT WARNING * * *
Something hits you!
* * * LOW HITPOINT WARNING * * *
Your transformation is almost over.
Something hits you!
You die...

♣♣♣######.#.#.#......##.#.##.####
#..#...##.#.##.# #
#..######.#..... .
.#..####<#.####.####
#.#..#....#.####.#
#.#..#.#..#......#
#.#..#.########### #.#..#.# P
#.#.s#.# #..# #.#..#.# ##...
#.#..#.# #P..### #.SS.#.####
#.≈.#.# ##...#.# ..# #≈≈.#.#
#S..#.# #.##≈..#'## #...#.#
#.#≈.....# .. #...#.# #........
♣.≈≈#...#.# #........


You could see 3 friendly adders.

Vanquished Creatures
  A hill giant (D:8)
  A wyvern (D:9)
  2 hippogriffs (D:9)
  Edmund (D:4)
  A phantom (D:8)
  An orc warrior (D:8)
  A sky beast (D:7)
  4 black bears
  An ogre (D:4)
  A centaur (D:7)
  Sigmund (D:4)
  7 giant frogs
  A big kobold (D:8)
  Blork the orc (D:6)
  A wyvern zombie (D:7)
  A wyvern skeleton (D:6)
  5 killer bees
  2 scorpions
  3 goliath beetles (D:8)
  8 wights
  3 crimson imps
  5 electric eels (D:9)
  A giant frog skeleton (D:6)
  7 hounds
  3 giant frog zombies
  2 orc priests (D:8)
  An iguana (D:5)
  A jelly (D:6)
  4 worker ants
  Natasha (thrice) (D:6)
  11 orc wizards
  Ijyb (D:6)
  Jessica (D:2)
  A hound skeleton (D:5)
  A worker ant zombie (D:3)
  9 adders
  4 gnolls (D:3)
  7 giant mites
  2 shadow imps
  3 worms
  3 adder zombies (D:5)
  An ooze (D:1)
  30 orcs
  2 bat skeletons
  2 bat zombies (D:4)
  7 goblins
  13 hobgoblins
  19 kobolds
  3 quokkas
  5 ball pythons
  13 bats
  11 giant cockroaches
  A giant cockroach zombie (D:5)
  5 giant geckos
  8 giant newts
  A giant spore (D:7)
  16 jackals
  15 rats
  3 rat zombies (D:4)
  5 ballistomycetes
  A plant (D:9)
278 creatures vanquished.

Vanquished Creatures (others)
  A wyvern (D:9)
  An ogre (D:9)
  A sky beast (D:9)
  A centaur (D:9)
  A big kobold (D:9)
  A scorpion (D:9)
  An orc (D:9)
  9 giant spores (D:9)
  4 kobolds (D:9)
  5 ballistomycetes (D:9)
  2 plants (D:9)
27 creatures vanquished.

Grand Total: 305 creatures vanquished

Notes
Turn   | Place    | Note
--------------------------------------------------------------
     0 | D:1      | hulla, the Octopode Transmuter, began the quest for the Orb.
     0 | D:1      | Reached XP level 1. HP: 13/13 MP: 3/3
   310 | D:1      | Reached XP level 2. HP: 13/18 MP: 4/4
  1234 | D:2      | Reached XP level 3. HP: 23/23 MP: 6/6
  1266 | D:2      | Learned a level 3 spell: Spider Form
  1393 | D:2      | Noticed Jessica
  1409 | D:2      | Killed Jessica
  1409 | D:2      | Reached skill level 1 in Poison Magic
  1772 | D:2      | Found a stormy altar of Qazlal.
  1834 | D:2      | Reached XP level 4. HP: 26/28 MP: 5/7
  1838 | D:2      | Learned a level 2 spell: Sticks to Snakes
  2175 | D:3      | Found a white marble altar of Elyvilon.
  2389 | D:3      | Found a glowing drain.
  2425 | Sewer    | Entered a sewer
  2438 | Sewer    | Reached XP level 5. HP: 28/33 MP: 5/9
  2452 | Sewer    | Reached skill level 4 in Transmutations
  2499 | Sewer    | Noticed a giant frog
  2507 | Sewer    | Killed a giant frog
  2558 | Sewer    | Reached XP level 6. HP: 23/38 MP: 8/10
  2947 | D:3      | Reached skill level 5 in Poison Magic
  3217 | D:3      | Reached skill level 1 in Stealth
  3942 | D:4      | Found an ancient bone altar of Kikubaaqudgha.
  4009 | D:4      | Reached skill level 5 in Transmutations
  4009 | D:4      | Reached XP level 7. HP: 32/43 MP: 12/12
  4115 | D:4      | Noticed Sigmund
  4115 | D:4      | Noticed Edmund
  4146 | D:4      | Killed Sigmund
  4367 | D:4      | Killed Edmund
  4490 | D:4      | Noticed Prince Ribbit
  5174 | D:4      | Reached skill level 6 in Transmutations
  5174 | D:4      | Reached XP level 8. HP: 48/48 MP: 2/13
  5496 | D:5      | Entered Level 5 of the Dungeon
  5621 | D:5      | Found a staircase to the Ecumenical Temple.
  5656 | Temple   | Entered the Ecumenical Temple
  5931 | D:5      | Found Smikeat's Book Emporium.
  5969 | D:5      | Reached skill level 5 in Stealth
  6403 | D:6      | Noticed Natasha
  6411 | D:6      | Killed Natasha
  6850 | D:6      | Noticed Ijyb
  6868 | D:6      | Killed Ijyb
  6940 | D:6      | Reached skill level 7 in Transmutations
  6985 | D:6      | Noticed Blork the orc
  7001 | D:6      | Killed Blork the orc
  7001 | D:6      | Reached skill level 5 in Dodging
  7358 | D:6      | Learned a level 4 spell: Ice Form
  7437 | D:6      | Noticed Natasha
  7450 | D:6      | Killed Natasha
  7692 | D:7      | Found a sparkling altar of Nemelex Xobeh.
  7720 | D:6      | Reached skill level 1 in Ice Magic
  7841 | D:6      | Noticed Natasha
  7845 | D:6      | Killed Natasha
  8367 | D:6      | Reached XP level 9. HP: 53/53 MP: 11/14
  9030 | D:7      | Reached skill level 8 in Transmutations
  9475 | D:7      | Found a bloodstained altar of Trog.
  9630 | D:7      | Found a shattered altar of Ashenzari.
  9871 | D:7      | Reached skill level 5 in Ice Magic
 11171 | D:8      | Identified a scroll of acquirement
 11172 | D:8      | Got a sparkling tin ring
 11173 | D:8      | Identified the ring of the Komodo Dragon {+/*Tele rC+} (You acquired it on level 8 of the Dungeon)
 11226 | D:8      | Found Malig's Assorted Antiques.
 11463 | D:8      | Found a shadowy altar of Dithmenos.
 11493 | D:8      | Found a burning altar of Makhleb.
 11497 | D:8      | Became a worshipper of Makhleb the Destroyer
 11499 | D:8      | Found a blossoming altar of Fedhas.
 11528 | D:8      | Found a radiant altar of Vehumet.
 11950 | D:9      | Reached skill level 9 in Transmutations
 11950 | D:9      | Reached XP level 10. HP: 62/62 MP: 11/17
 13827 | D:9      | Noticed a hill giant
 13963 | D:8      | Killed a hill giant
 13963 | D:8      | Acquired Makhleb's first power
 14800 | D:9      | Mangled by an unseen horror

Action                   |  1- 3 |  4- 6 |  7- 9 | 10-12 || total
-------------------------+-------+-------+-------+-------++-------
Melee: Unarmed           |    42 |    45 |   279 |    73 ||   439
       Whip              |    23 |     4 |       |       ||    27
       Short sword       |       |    91 |   132 |    15 ||   238
       Staff             |       |       |     2 |     7 ||     9
 Fire: Hunting sling     |       |       |     4 |       ||     4
       Blowgun           |       |       |       |    25 ||    25
Throw: Stone             |       |       |     4 |     4 ||     8
 Cast: Beastly Appendage |     4 |    18 |    25 |     3 ||    50
       Spider Form       |       |     5 |    31 |     9 ||    45
       Sticks to Snakes  |       |       |     8 |     7 ||    15
       Ice Form          |       |       |     6 |     6 ||    12
 Abil: End Transformatio |       |       |     2 |     3 ||     5
Evoke: Wand              |       |       |     1 |       ||     1
  Use: Scroll            |       |     5 |    12 |     3 ||    20
       Potion            |       |       |     5 |       ||     5
 Stab: Sleeping          |     2 |     4 |    15 |     2 ||    23
       Distracted        |       |       |       |     3 ||     3
  Eat: Chunk             |     3 |     8 |    30 |     5 ||    46
       Meat ration       |       |       |       |     1 ||     1
       Pizza             |       |       |       |     1 ||     1
